[Event "Early-Titled-Tuesday-Blitz-April-23-2024"]
[Site "Chess.com"]
[Date "2024.04.23"]
[Round "3"]
[White "campochess"]
[Black "ChessSG1"]
[Result "0-1"]
[WhiteElo "2151"]
[BlackElo "2400"]
[TimeControl "180+1"]
[EndTime "8:26:06 PDT"]
[Termination "ChessSG1 won by resignation"]

1. e4 c5 2. Nc3 g6 3. Bc4 Nc6 4.
d3 Bg7 5. Nf3 e6 6. Bg5 Nge7 7.
Qd2 a6 8. a3 h6 9. Be3 d5 10.
exd5 exd5 11. Bxc5 dxc4 12. dxc4 Qxd2+ 13. Nxd2 Bxc3 14. bxc3 O-O 15. O-O Be6 16. Rab1 Rfd8 17. Bd4 Nxd4 18. cxd4 Rxd4 19. Nf3 Rxc4 20. Rxb7 Nc6 21.
Re1 Rxc2 22. h3 Rb8 23. Rc7 Rc8 24. Rb7 Bd5 25. Nh2 Nd4 26. Rd7 Ne2+ 27. Kh1 Rc1 28. Rf1 Nf4 29. f3 Rxf1+ 30. Nxf1 Rc1 31. Kg1 Bc4 32.
Rd4 Ne2+ 0-1

[Event "Early-Titled-Tuesday-Blitz-April-23-2024"]
[Site "Chess.com"]
[Date "2024.04.23"]
[Round "3"]
[White "Barath1308"]
[Black "samidescalona2002"]
[Result "1-0"]
[WhiteElo "2533"]
[BlackElo "2733"]
[TimeControl "180+1"]
[EndTime "8:26:11 PDT"]
[Termination "Barath1308 won by resignation"]

1. b3 Nf6 2. Bb2 g6 3. Nf3 Bg7 4. g3 O-O 5. c4 c6 6. Bg2 d5 7.
O-O a5 8. cxd5 cxd5 9. d4 Nc6 10. Nc3 Ne4 11. Rc1 Nxc3 12. Bxc3 a4 13. bxa4 Qb6 14.
Qb3 Qa6 15. e3 Qxa4 16. Qxd5 Be6 17. Qc5 Rfc8 18. Qb6 Qa7 19. Qb2 Bc4 20. Rfd1 b5 21. Nd2 Be2 22. Re1 Bd3 23. d5 Qxa2 24. Bxg7 1-0

[Event "Early-Titled-Tuesday-Blitz-April-23-2024"]
[Site "Chess.com"]
[Date "2024.04.23"]
[Round "3"]
[White "rikchessmx"]
[Black "JiaHaoxiang"]
[Result "0-1"]
[WhiteElo "2243"]
[BlackElo "2579"]
[TimeControl "180+1"]
[EndTime "8:26:16 PDT"]
[Termination "JiaHaoxiang won on time"]

1. e4 c5 2. Nf3 d6 3. d4 cxd4 4. Nxd4 Nf6 5. Nc3 g6 6. f4 Nc6 7. Nxc6 bxc6 8. Bd3 Bg7 9. O-O O-O 10. Qe1 Rb8 11.
Kh1 Nd7 12. Rb1 Nc5 13. Bd2 Nxd3 14. cxd3 Ba6 15. Rf3 e6 0-1

[Event "Early-Titled-Tuesday-Blitz-April-23-2024"]
[Site "Chess.com"]
[Date "2024.04.23"]
[Round "3"]
[White "Acva-Alenok"]
[Black "wannabe2700"]
[Result "0-1"]
[WhiteElo "2350"]
[BlackElo "2608"]
[TimeControl "180+1"]
[EndTime "8:26:17 PDT"]
[Termination "wannabe2700 won by resignation"]

1. d4 f5 2. c4 Nf6 3. g3 g6 4. Bg2 Bg7 5. Nf3 O-O 6. O-O d6 7. b3 c6 8. Bb2 Na6 9. Nbd2 Qe8 10. Qc2 h6 11. Rae1 Qf7 12. e4 f4 13. e5 Nh5 14.
Nh4 g5 15. Be4 Nb4 16. Bh7+ Kh8 17. Ng6+ Kxh7 18. Nxf8+ Kg8 19. Qh7+ Kxf8 20. exd6 exd6 21. Ne4 Bf5 22. Nxd6 Bxh7 23. Nxf7 Kxf7 24. Ba3 a5 25.
d5 Bd3 0-1

[Event "Early-Titled-Tuesday-Blitz-April-23-2024"]
[Site "Chess.com"]
[Date "2024.04.23"]
[Round "3"]
[White "Raskolnikov6"]
[Black "TacticalSam94"]
[Result "0-1"]
[WhiteElo "2386"]
[BlackElo "2230"]
[TimeControl "180+1"]
[EndTime "8:26:17 PDT"]
[Termination "TacticalSam94 won by checkmate"]

1. c4 e5 2. g3 Nf6 3. Bg2 c6 4. Nc3 d5 5. d4 exd4 6. Qxd4 Na6 7. cxd5 Bc5 8. Qd1 cxd5 9. Nxd5 Nxd5 10. Qxd5 Bb4+ 11.
Bd2 Bxd2+ 12. Qxd2 Qxd2+ 13. Kxd2 O-O 14. e4 Rd8+ 15. Ke3 Nb4 16. Kf3 Rd3+ 17. Ke2 b6 18. a3 Ba6 19. Nh3 Rxa3+ 20. Kd2 Rd8+ 21. Kc1 Rxa1# 0-1

[Event "Early-Titled-Tuesday-Blitz-April-23-2024"]
[Site "Chess.com"]
[Date "2024.04.23"]
[Round "3"]
[White "Kushch_Nikolai"]
[Black "LeRoidesChampions"]
[Result "0-1"]
[WhiteElo "2419"]
[BlackElo "2619"]
[TimeControl "180+1"]
[EndTime "8:26:20 PDT"]
[Termination "LeRoidesChampions won by resignation"]

1. Nf3 Nf6 2. c4 g6 3. b4 Bg7 4.
Bb2 O-O 5. d4 d6 6. e3 Nbd7 7. Be2 e5 8. Nc3 Re8 9. Qb3 e4 10. Nd2 Nf8 11. h3 h5 12. O-O-O c6 13.
Rdg1 a5 14. b5 Be6 15. a4 Rc8 16. Kb1 h4 17. g3 hxg3 18. Rxg3 Bf5 19. h4 c5 20. d5 N8d7 21. h5 Ne5 22. hxg6 fxg6 23. Ka2 Kf7 24. Rhg1 Rh8 25. Bf1 Rh2 26. R1g2 Rxg2 27.
Bxg2 Nd3 28. f3 exf3 29. Bxf3 Nb4+ 30. Ka3 Bc2 0-1

[Event "Early-Titled-Tuesday-Blitz-April-23-2024"]
[Site "Chess.com"]
[Date "2024.04.23"]
[Round "3"]
[White "H3nriqueTV"]
[Black "Shankland"]
[Result "0-1"]
[WhiteElo "2305"]
[BlackElo "3052"]
[TimeControl "180+1"]
[EndTime "8:26:24 PDT"]
[Termination "Shankland won by resignation"]

1. e4 c5 2. Nf3 d6 3. b3 Nf6 4.
Nc3 g6 5. Bb2 Bg7 6. d4 cxd4 7.
Nxd4 O-O 8. Bc4 Nxe4 9. Bxf7+ Rxf7 10. Nxe4 h6 11. O-O d5 12. Nc5 Qd6 13. b4 a6 14. Rb1 e5 15. Ndb3 Nc6 16. a3 Bf5 17. Re1 Raf8 18. Qd2 d4 19. Ne4 Qd5 20. Nbc5 b6 21. c4 Qd8 22. Nd3 g5 23. Rf1 Bxe4 0-1

[Event "Early-Titled-Tuesday-Blitz-April-23-2024"]
[Site "Chess.com"]
[Date "2024.04.23"]
[Round "3"]
[White "thesupera12"]
[Black "carloseduar100"]
[Result "1-0"]
[WhiteElo "2440"]
[BlackElo "2240"]
[TimeControl "180+1"]
[EndTime "8:26:25 PDT"]
[Termination "thesupera12 won by resignation"]

1. d4 d5 2. c4 e5 3. dxe5 d4 4.
Nf3 Nc6 5. a3 Nge7 6. g3 Ng6 7.
Bg2 Ngxe5 8. Nxe5 Nxe5 9. O-O Be7 10. Bf4 Ng6 11. Qc1 Nxf4 12. Qxf4 O-O 13. Rd1 Bf6 14. Nd2 Qe7 15. Ne4 Be5 16. Qg5 Re8 17. Qxe7 Rxe7 18. f4 f5 19. fxe5 fxe4 20. Rxd4 Rxe5 21.
Rd8+ Kf7 22. Rf1+ Ke7 23. Rff8 Rc5 24. b3 Ra5 25. a4 Ra6 26. Rxc8 Rxc8 27. Rxc8 Kd7 28.
Rg8 g6 29. Bxe4 Rb6 30. Bc2 1-0

[Event "Early-Titled-Tuesday-Blitz-April-23-2024"]
[Site "Chess.com"]
[Date "2024.04.23"]
[Round "3"]
[White "MyDream003"]
[Black "MagnusCarlsen"]
[Result "0-1"]
[WhiteElo "2813"]
[BlackElo "3220"]
[TimeControl "180+1"]
[EndTime "8:26:31 PDT"]
[Termination "MagnusCarlsen won by resignation"]

1. e4 Nc6 2. Nf3 d6 3. d4 Nf6 4. Nc3 Bg4 5. Be2 g6 6. O-O Bg7 7. Be3 O-O 8. d5 Nb8 9. h3 Bxf3 10. Bxf3 c6 11. a4 a5 12. Re1 Nfd7 13. Qd2 Na6 14. Be2 Nac5 15. Bf3 Qb6 16. Rab1 Qb4 17. Bg4 Ne5 18. Bxc5 Qxc5 19. Be2 f5 20. dxc6 bxc6 21.
exf5 gxf5 22. Kh1 Rab8 23. f4 Ng6 24. Bh5 Rxb2 25. Rxb2 Bxc3 26. Qc1 Bxb2 27. Qxb2 Nxf4 28. Rxe7 Nxh5 29. Qc1 f4 30. Qa1 Qg5 31. Qa2+ d5 32. Qa3 Ng3+ 33. Kh2 Ne4 0-1

[Event "Early-Titled-Tuesday-Blitz-April-23-2024"]
[Site "Chess.com"]
[Date "2024.04.23"]
[Round "3"]
[White "adapodadei"]
[Black "michaelq2d5"]
[Result "1/2-1/2"]
[WhiteElo "2723"]
[BlackElo "2931"]
[TimeControl "180+1"]
[EndTime "8:26:36 PDT"]
[Termination "Game drawn by repetition"]

1. Nf3 d5 2. e3 Nf6 3. c4 e6 4. Nc3 a6 5. b3 b6 6. Bb2 Bb7 7.
d4 Nbd7 8. Be2 Bd6 9. O-O O-O 10. Qc2 Rc8 11. Rad1 Qe7 12. Na4 Rfd8 13. Ne5 dxc4 14.
bxc4 Bxe5 15. dxe5 Ne4 16. Bd3 Ndc5 17. Ba3 Qh4 18. Nxc5 Nxc5 19. Bxc5 Bxg2 20. Kxg2 Qg4+ 21. Kh1 Qf3+ 22. Kg1 Qg4+ 23. Kh1 Qf3+ 24. Kg1 Qg4+ 25.
Kh1 1/2-1/2

[Event "Early-Titled-Tuesday-Blitz-April-23-2024"]
[Site "Chess.com"]
[Date "2024.04.23"]
[Round "3"]
[White "soupeOchoux"]
[Black "ChEsper99"]
[Result "1-0"]
[WhiteElo "2414"]
[BlackElo "2241"]
[TimeControl "180+1"]
[EndTime "8:26:37 PDT"]
[Termination "soupeOchoux won by resignation"]

1. d4 d5 2. c4 c6 3. Nf3 Nf6 4. Nc3 e6 5. Qd3 dxc4 6. Qxc4 Be7 7. e4 O-O 8. Bd3 Nbd7 9. h4 Ng4 10. e5 Nb6 11.
Qb3 Nd5 12. Ne4 f5 13. exf6 Ngxf6 14. Bg5 Nxe4 15. Bxe4 h6 16. Bxe7 Qxe7 17. O-O-O a5 18. a3 a4 19. Qc4 Bd7 20. Bc2 b5 21. Qd3 Nf6 22. g4 Qd6 23. g5 hxg5 24. hxg5 Qf4+ 25. Kb1 Ng4 26. Qh7+ Kf7 27. Bg6+ Ke7 28. Qxg7+ Kd6 29. Ne5 Rad8 30. Nxg4 Qxg4 31. Qe5+ Ke7 32. Rh7+ 1-0

[Event "Early-Titled-Tuesday-Blitz-April-23-2024"]
[Site "Chess.com"]
[Date "2024.04.23"]
[Round "3"]
[White "mary-sanna"]
[Black "MaiqMaster"]
[Result "1-0"]
[WhiteElo "2260"]
[BlackElo "2424"]
[TimeControl "180+1"]
[EndTime "8:26:39 PDT"]
[Termination "mary-sanna won by resignation"]

1. d4 d5 2. Nc3 Nf6 3. Bf4 g6 4.
e3 Bg7 5. h4 h5 6. f3 O-O 7. Qd2 c5 8. Nge2 Nc6 9. O-O-O c4 10. e4 b5 11. e5 Ne8 12. Bh6 b4 13. Nb1 Bxh6 14. Qxh6 Qa5 15. a3 c3 16. bxc3 bxa3 17. Nxa3 Qxa3+ 18. Kd2 Na5 19. Nf4 Bf5 20. g4 Rc8 21.
gxf5 Qxc3+ 22. Ke2 Qxc2+ 23. Rd2 Qxf5 24. Bh3 Qc2 25. Rxc2 Rxc2+ 26. Kd3 Rb2 27. Nxg6 fxg6 28. Be6+ 1-0

[Event "Early-Titled-Tuesday-Blitz-April-23-2024"]
[Site "Chess.com"]
[Date "2024.04.23"]
[Round "3"]
[White "AndresDelgado77"]
[Black "stratacticos"]
[Result "0-1"]
[WhiteElo "2322"]
[BlackElo "1853"]
[TimeControl "180+1"]
[EndTime "8:26:43 PDT"]
[Termination "stratacticos won on time"]

1. e3 c5 2. c4 Nc6 3. Nc3 e5 4. g3 Nf6 5. Bg2 Be7 6. Nge2 O-O 7. O-O d6 8. b3 a6 9. h3 Be6 10. d4 exd4 11. exd4 cxd4 12. Nxd4 Nxd4 13. Qxd4 Rb8 14. Rd1 b5 15. cxb5 axb5 16. Bb2 b4 17. Nd5 Bxd5 18. Bxd5 Qc8 19. Rac1 Qxh3 0-1

[Event "Early-Titled-Tuesday-Blitz-April-23-2024"]
[Site "Chess.com"]
[Date "2024.04.23"]
[Round "3"]
[White "mishanick"]
[Black "Agibileg"]
[Result "1-0"]
[WhiteElo "3165"]
[BlackElo "2811"]
[TimeControl "180+1"]
[EndTime "8:26:45 PDT"]
[Termination "mishanick won by resignation"]

1. d4 Nf6 2. c4 g5 3. Bxg5 Ne4 4. Bc1 c5 5. Nd2 Qa5 6. Qc2 d5 7. e3 Nc6 8. cxd5 Bf5 9. dxc6 Ng3 10. cxb7 Rb8 11. e4 Bxe4 12. Qxc5 Qxc5 13. dxc5 Nxh1 14.
Nxe4 Rxb7 15. c6 Rc7 16. Bf4 e5 17. Bxe5 Bb4+ 18. Kd1 Re7 19. Bxh8 Rxe4 20. Kc2 Nxf2 21. Nf3 Kd8 22. Bd4 Ng4 23. h3 Nh6 24. Bd3 Re8 25. a3 Ba5 26. b4 Bc7 27. Bxa7 Rg8 28. g4 Kc8 29. b5 f5 30. b6 fxg4 31. Rd1 Bxb6 32. Bxb6 gxf3 33. Ba6+ Kb8 34. Rd8+ Rxd8 35. c7+ 1-0

[Event "Early-Titled-Tuesday-Blitz-April-23-2024"]
[Site "Chess.com"]
[Date "2024.04.23"]
[Round "3"]
[White "Kiborg95"]
[Black "Attacker88"]
[Result "1-0"]
[WhiteElo "2847"]
[BlackElo "2384"]
[TimeControl "180+1"]
[EndTime "8:26:46 PDT"]
[Termination "Kiborg95 won on time"]

1. e4 c5 2. Nc3 Nc6 3. Nge2 g6 4.
d4 cxd4 5. Nxd4 Bg7 6. Be3 Nf6 7. Bc4 O-O 8. Bb3 d6 9. f3 Bd7 10. h4 Ne5 11. Qd2 Rc8 12. h5 Nxh5 13. Bh6 Qa5 14. Bxg7 Kxg7 15. O-O-O Rxc3 16. bxc3 Rc8 17. Kb2 Qc5 18.
g4 Nf6 19. g5 Nh5 20. f4 Ng4 21. Rh4 a5 22. a4 b5 23. axb5 1-0

[Event "Early-Titled-Tuesday-Blitz-April-23-2024"]
[Site "Chess.com"]
[Date "2024.04.23"]
[Round "3"]
[White "Russian_berezka"]
[Black "Antipov_Mikhail_Al"]
[Result "0-1"]
[WhiteElo "2629"]
[BlackElo "2885"]
[TimeControl "180+1"]
[EndTime "8:26:51 PDT"]
[Termination "Antipov_Mikhail_Al won on time"]

1. d4 Nf6 2. Nc3 d5 3. Bf4 g6 4. Qd2 Bg7 5. Bh6 Bxh6 6. Qxh6 c5 7. dxc5 Nc6 8. O-O-O Qa5 9. e3 Bf5 10. Bd3 Bxd3 11.
cxd3 d4 12. exd4 Nxd4 13. Kb1 Qxc5 14. Nge2 Nxe2 15. Nxe2 Qxf2 16. Rhe1 Ng4 17. Qg5 Qf5 0-1

[Event "Early-Titled-Tuesday-Blitz-April-23-2024"]
[Site "Chess.com"]
[Date "2024.04.23"]
[Round "3"]
[White "RantomOpening"]
[Black "giovannibrandao7"]
[Result "0-1"]
[WhiteElo "2500"]
[BlackElo "2313"]
[TimeControl "180+1"]
[EndTime "8:26:53 PDT"]
[Termination "giovannibrandao7 won by resignation"]

1. Nc3 Nf6 2. e4 e5 3. Nf3 Nc6 4. Bc4 Bc5 5. O-O d6 6. a3 a5 7. h3 O-O 8. d3 Be6 9. Nd5 h6 10. c3 Ba7 11. b4 Bxd5 12. exd5 Ne7 13. Qb3 a4 14. Qa2 c6 15. dxc6 bxc6 16. d4 e4 17. Ne1 d5 18. Be2 Bb8 19. f4 exf3 20. Nxf3 Ne4 21.
Qc2 Nf5 22. Bd3 Nfg3 23. Re1 f5 24. Ne5 Bxe5 25. dxe5 f4 26. Be2 Qb6+ 27. Kh2 Qf2 28. Bb2 f3 29. Bd3 Qxc2 30. Bxc2 f2 31. Rf1 Nxf1+ 32.
Rxf1 Nd2 33. Bd3 Nxf1+ 34. Bxf1 Rae8 35. c4 dxc4 36. Bxc4+ Kh8 37. Bf1 Rd8 38. e6 Rd1 39. Be2 f1=Q 40. Bxf1 Rdxf1 41. Bd4 Re8 0-1

[Event "Early-Titled-Tuesday-Blitz-April-23-2024"]
[Site "Chess.com"]
[Date "2024.04.23"]
[Round "3"]
[White "MIss_MIaMI"]
[Black "SmirnovTimofey2000"]
[Result "1-0"]
[WhiteElo "2355"]
[BlackElo "1981"]
[TimeControl "180+1"]
[EndTime "8:26:53 PDT"]
[Termination "MIss_MIaMI won by resignation"]

1. e4 e5 2. Nf3 Nf6 3. Nxe5 d6 4. Nf3 Nxe4 5. Nc3 Nxc3 6. dxc3 Be7 7. Bd3 Nc6 8. O-O Bg4 9. Bf4 Ne5 10. Bxe5 dxe5 11.
Re1 O-O 12. Rxe5 Bd6 13. Rb5 b6 14. Bxh7+ Kh8 15. Be4 Rb8 16. h3 a6 17. Rd5 f5 18. hxg4 fxe4 19. Rh5+ Kg8 20. Qd5+ Rf7 21. Qxe4 g6 22. Qxg6+ Rg7 23. Qe6+ Rf7 24. Ng5 1-0

[Event "Early-Titled-Tuesday-Blitz-April-23-2024"]
[Site "Chess.com"]
[Date "2024.04.23"]
[Round "3"]
[White "Escudito"]
[Black "Djager97"]
[Result "0-1"]
[WhiteElo "2305"]
[BlackElo "2549"]
[TimeControl "180+1"]
[EndTime "8:26:54 PDT"]
[Termination "Djager97 won by resignation"]

1. d4 Nf6 2. Nf3 d5 3. c4 e6 4. Nc3 c6 5. e3 Nbd7 6. Bd3 Bd6 7.
O-O dxc4 8. Bxc4 b5 9. Bd3 O-O 10. e4 e5 11. d5 cxd5 12. exd5 a6 13. Bg5 Bb7 14. Ne4 Bb8 15. Re1 Bxd5 16. Nxf6+ Nxf6 17. Bxf6 Qxf6 18. Bxh7+ Kxh7 19. Qxd5 Ra7 20. Nxe5 Rd8 21.
Qe4+ Kg8 22. Nc6 Rd2 23. Nxb8 Qxf2+ 24. Kh1 Re7 25. Rf1 Rxe4 26. Rxf2 Rxf2 27. Nc6 Ree2 28. Nb4 Rxb2 29. Nxa6 Rxa2 0-1

[Event "Early-Titled-Tuesday-Blitz-April-23-2024"]
[Site "Chess.com"]
[Date "2024.04.23"]
[Round "3"]
[White "bintang_top"]
[Black "IM_ArthurDW08"]
[Result "0-1"]
[WhiteElo "2322"]
[BlackElo "2723"]
[TimeControl "180+1"]
[EndTime "8:27:01 PDT"]
[Termination "IM_ArthurDW08 won by resignation"]

1. d4 Nf6 2. Nf3 d6 3. g3 g6 4. Bg2 Bg7 5. O-O O-O 6. c4 Bf5 7. Nc3 Ne4 8. Qb3 Nxc3 9. Qxc3 c5 10. Qb3 Be4 11. dxc5 dxc5 12. Be3 Qc7 13. Rad1 b6 14. Bf4 Qb7 15. Be5 Bxe5 16. Nxe5 Bxg2 17. Rfe1 Bc6 18. Qc3 Nd7 19. Ng4 h5 20. Ne3 Nf6 21. f4 Rfd8 22. f5 Qc7 23. fxg6 fxg6 24. Qc2 Be4 25. Qb3 Rxd1 26. Rxd1 Rd8 27. Rf1 Qe5 28. Qa3 Bc6 29. Qb3 Ng4 30. Nxg4 hxg4 31.
Qc2 Qe3+ 32. Rf2 Be4 33. Qa4 Rf8 0-1

[Event "Early-Titled-Tuesday-Blitz-April-23-2024"]
[Site "Chess.com"]
[Date "2024.04.23"]
[Round "3"]
[White "ChadBiryani"]
[Black "mertfelin"]
[Result "1-0"]
[WhiteElo "2444"]
[BlackElo "2254"]
[TimeControl "180+1"]
[EndTime "8:27:01 PDT"]
[Termination "ChadBiryani won by resignation"]

1. c4 e6 2. g3 d5 3. Bg2 Nf6 4. Nf3 Be7 5. O-O O-O 6. b3 b6 7.
Bb2 Bb7 8. d3 c5 9. cxd5 Nxd5 10. Nc3 Nd7 11. d4 Rc8 12. Rc1 Rc7 13. dxc5 Nxc5 14.
Nb5 Rd7 15. Qc2 a6 16. Nc3 Nb4 17. Qb1 Bf6 18. a3 Nd5 19. Nxd5 Bxd5 20. b4 Nb3 21.
Bxf6 Qxf6 22. Rcd1 Rc8 23. Rxd5 Rxd5 24. Qxb3 Qc3 25.
Qa4 a5 26. Ne1 Re5 27. Bf3 axb4 28. Qxb4 Ra5 29. Qxb6 Rxa3 30. Nd3 h6 31. Rc1 Ra1 32.
Rxa1 Qxa1+ 33. Kg2 Qf6 34. Qb7 Rc4 35. Be4 Rxe4 36. Qxe4 1-0

[Event "Early-Titled-Tuesday-Blitz-April-23-2024"]
[Site "Chess.com"]
[Date "2024.04.23"]
[Round "3"]
[White "Daaksboy"]
[Black "MikeSailer"]
[Result "1-0"]
[WhiteElo "2408"]
[BlackElo "2170"]
[TimeControl "180+1"]
[EndTime "8:27:02 PDT"]
[Termination "Daaksboy won by resignation"]

1. d4 d5 2. c4 c6 3. Nc3 Nf6 4. cxd5 cxd5 5. Bf4 g6 6. e3 Bg7 7. Be2 O-O 8. Nf3 b6 9. O-O Bb7 10. Ne5 Nbd7 11. Qb3 e6 12. a4 Ne4 13. Nxe4 dxe4 14. Nxd7 Qxd7 15. a5 Bd5 16. Qa3 b5 17. a6 Rac8 18. Qb4 Bc4 19. Bxc4 Rxc4 20. Qd6 Qc8 21. h4 Rd8 22. Qe7 Bf8 23. Qxa7 Rc2 24. Qb7 Rxb2 25.
Qxc8 Rxc8 26. a7 Ra8 27. Rfc1 b4 28. Rc6 b3 29. Rb6 Ra2 30. Rxa2 bxa2 31. Ra6 1-0

[Event "Early-Titled-Tuesday-Blitz-April-23-2024"]
[Site "Chess.com"]
[Date "2024.04.23"]
[Round "3"]
[White "BurningggIce"]
[Black "klercaku"]
[Result "1-0"]
[WhiteElo "2461"]
[BlackElo "2260"]
[TimeControl "180+1"]
[EndTime "8:27:04 PDT"]
[Termination "BurningggIce won by checkmate"]

1. d4 d5 2. c4 e6 3. Nc3 Nf6 4. cxd5 exd5 5. Bg5 Nbd7 6. e3 c6 7. Bd3 Be7 8. Nge2 h6 9. Bh4 O-O 10. Qc2 Re8 11. f3 Nf8 12. O-O Ne6 13. Rad1 a6 14.
Qd2 b5 15. Bb1 Bb7 16. Qd3 g5 17. Bg3 Nf8 18. Be5 Bd6 19. f4 Ng4 20. h3 Nxe5 21.
fxe5 Be7 22. Ng3 Bc8 23. Rf2 Ng6 24. Rxf7 Kxf7 25. Qxg6+ Kf8 26. Rf1+ Bf6 27. Rxf6+ Qxf6 28. Qxf6+ Kg8 29. Nh5 Ra7 30. Qg6+ Kf8 31. Qxh6+ Ke7 32. Qf6+ Kd7 33. Qd6# 1-0

[Event "Early-Titled-Tuesday-Blitz-April-23-2024"]
[Site "Chess.com"]
[Date "2024.04.23"]
[Round "3"]
[White "lucasmito"]
[Black "szachuspl"]
[Result "1-0"]
[WhiteElo "2805"]
[BlackElo "2525"]
[TimeControl "180+1"]
[EndTime "8:27:06 PDT"]
[Termination "lucasmito won by checkmate"]

1. e4 c5 2. Nf3 Nc6 3. Nc3 g6 4. d4 cxd4 5. Nxd4 Bg7 6. Be3 d6 7.
f3 Bd7 8. Qd2 Nf6 9. O-O-O O-O 10. Kb1 Qa5 11. Nb3 Qc7 12. Bh6 Rfc8 13. h4 Ne5 14. h5 Nc4 15. Bxc4 Qxc4 16. hxg6 fxg6 17. Bxg7 Kxg7 18. Qh6+ Kg8 19. e5 dxe5 20. Rxd7 Nxd7 21. Qxh7+ Kf8 22. Qxg6 Qg8 23. Qf5+ Ke8 24. Rd1 e6 25. Qh5+ Ke7 26. Ne4 Rf8 27. Qh4+ Nf6 28. Nbc5 Qg6 29. Rd7+ Ke8 30. Nd6# 1-0

[Event "Early-Titled-Tuesday-Blitz-April-23-2024"]
[Site "Chess.com"]
[Date "2024.04.23"]
[Round "3"]
[White "Matols"]
[Black "gshwbedhkhd"]
[Result "1-0"]
[WhiteElo "2383"]
[BlackElo "2593"]
[TimeControl "180+1"]
[EndTime "8:27:07 PDT"]
[Termination "Matols won by resignation"]

1. d4 b6 2. c4 Bb7 3. Nc3 e6 4. a3 f5 5. d5 Nf6 6. g3 Be7 7.
Bg2 O-O 8. Nf3 a5 9. O-O Na6 10.
e4 fxe4 11. Ng5 exd5 12. cxd5 Nc5 13. Ngxe4 Ncxe4 14. Nxe4 Nxd5 15. Qh5 g6 16. Qh6 c6 17.
Ng5 Nf6 18. Rd1 Qe8 19. Bf4 Rc8 20. Be5 Rf7 21. Nxf7 Qxf7 22. Rac1 d5 23. Bh3 Re8 24. Re1 Ne4 25. Be6 Bg5 26. Bxf7+ Kxf7 27. Qxh7+ Ke6 28.
Qxb7 Bxc1 29. Qxc6+ Kf7 30. Qxd5+ 1-0

[Event "Early-Titled-Tuesday-Blitz-April-23-2024"]
[Site "Chess.com"]
[Date "2024.04.23"]
[Round "3"]
[White "icy"]
[Black "Alexchess1984"]
[Result "0-1"]
[WhiteElo "2453"]
[BlackElo "2637"]
[TimeControl "180+1"]
[EndTime "8:27:08 PDT"]
[Termination "Alexchess1984 won by resignation"]

1. d4 Nf6 2. c4 c5 3. Nf3 cxd4 4. Nxd4 g6 5. g3 Nc6 6. Bg2 Bg7 7. O-O h5 8. h4 O-O 9. Nc3 Ng4 10. Nc2 Bxc3 11.
bxc3 Qa5 12. Ne3 Nxe3 13. Bxe3 d6 14. Rb1 Qxc3 15. Rb3 Qxc4 16. Bd5 Qg4 17. Bh6 Re8 18. Qa1 e5 19. f4 Nd4 20. fxe5 Nxe2+ 21. Kf2 Rxe5 22.
Bxf7+ Kxf7 23. Rf3+ Bf5 0-1

[Event "Early-Titled-Tuesday-Blitz-April-23-2024"]
[Site "Chess.com"]
[Date "2024.04.23"]
[Round "3"]
[White "JoliyRoger"]
[Black "martinmena"]
[Result "1-0"]
[WhiteElo "2415"]
[BlackElo "2200"]
[TimeControl "180+1"]
[EndTime "8:27:08 PDT"]
[Termination "JoliyRoger won by resignation"]

1. d4 d5 2. c4 e6 3. Nc3 Nf6 4. e3 Be7 5. Nf3 O-O 6. b3 b6 7.
Bb2 Bb7 8. Bd3 c5 9. cxd5 Nxd5 10. O-O cxd4 11. Nxd4 Bf6 12. Ne4 Be5 13. Qh5 Bf6 14. Nd6 g6 15. Nxb7 Qe7 16. Qf3 Qxb7 17. e4 Nb4 18.
Qxf6 Nxd3 19. Nxe6 fxe6 20. Qh8+ Kf7 21. Qxh7+ Ke8 22. Qxb7 Nxb2 23. Qxa8 Kf7 24. Rac1 Rg8 1-0

[Event "Early-Titled-Tuesday-Blitz-April-23-2024"]
[Site "Chess.com"]
[Date "2024.04.23"]
[Round "3"]
[White "JM05C"]
[Black "Harry_Rakkel"]
[Result "0-1"]
[WhiteElo "2500"]
[BlackElo "2700"]
[TimeControl "180+1"]
[EndTime "8:27:10 PDT"]
[Termination "Harry_Rakkel won by resignation"]

1. e4 c5 2. Nf3 e6 3. d4 cxd4 4. Nxd4 Nc6 5. Nc3 Qc7 6. a3 a6 7. Be3 Nf6 8. f4 d6 9. Qf3 Be7 10.
O-O-O Rb8 11. Be2 O-O 12. Nxc6 Qxc6 13. g4 b5 14. g5 Nd7 15. h4 b4 16. axb4 Rxb4 17. h5 Bb7 18. Qh3 Rc8 19. g6 Rxb2 20.
Bd4 Rb4 21. gxf7+ Kxf7 22. Bxg7 Kxg7 23. Qxe6 Qxc3 24. Rhg1+ Kh8 25. Bd3 Ra4 0-1

[Event "Early-Titled-Tuesday-Blitz-April-23-2024"]
[Site "Chess.com"]
[Date "2024.04.23"]
[Round "3"]
[White "Casablanca"]
[Black "balack95"]
[Result "1-0"]
[WhiteElo "2632"]
[BlackElo "2452"]
[TimeControl "180+1"]
[EndTime "8:27:10 PDT"]
[Termination "Casablanca won by resignation"]

1. e4 c5 2. Nf3 e6 3. Nc3 Nc6 4. g3 d5 5. exd5 exd5 6. Bg2 Nf6 7.
O-O d4 8. Re1+ Be7 9. Ne4 O-O 10. Nxf6+ Bxf6 11. d3 Bg4 12. h3 Bh5 13. Bf4 Qb6 14. Qd2 Rfe8 15. g4 Bg6 16. h4 Qxb2 17. h5 Rxe1+ 18.
Rxe1 Qxa2 19. hxg6 hxg6 20. Ne5 Nxe5 21. Bxe5 Re8 22.
Bxf6 Rxe1+ 23. Qxe1 gxf6 24. Bxb7 Qxc2 25. Bd5 Kf8 26. Bc4 a5 27. Qxa5 Qd1+ 28. Kh2 Qxg4 29. Qxc5+ Kg7 30. Qc7 Qh4+ 31. Kg2 Qg4+ 32. Qg3 Qf5 33.
Kf1 Qh5 34. Ke1 Qh1+ 35. Kd2 Qf1 36. Qf3 Qb1 37. Qf4 Qb2+ 38. Ke1 Qa1+ 39. Ke2 Qa7 40. Qd6 Qa1 41. Qd5 Kh6 42. Qxf7 Kg5 43. Qd5+ f5 44. Qd8+ Kg4 45. Qb6 g5 46. Bd5 Qc3 47.
Bf3+ 1-0

[Event "Early-Titled-Tuesday-Blitz-April-23-2024"]
[Site "Chess.com"]
[Date "2024.04.23"]
[Round "3"]
[White "jinxy2009"]
[Black "MrVenky"]
[Result "0-1"]
[WhiteElo "2298"]
[BlackElo "2521"]
[TimeControl "180+1"]
[EndTime "8:27:10 PDT"]
[Termination "MrVenky won by resignation"]

1. e4 e5 2. Nf3 Nc6 3. Bc4 Nf6 4. d3 Bc5 5. c3 a6 6. a4 Ba7 7. O-O h6 8. Re1 O-O 9. Nbd2 d6 10. h3 Be6 11. Bxe6 fxe6 12. b4 Nh5 13. Nf1 Nf4 14.
Be3 Qf6 15. Bxa7 Rxa7 16. Re3 Raa8 17. Kh2 d5 18. Ra2 d4 19. Re1 dxc3 20. Qb3 Nd4 21.
Qxc3 Nxf3+ 22. gxf3 Qh4 23. Ng3 Qxh3+ 0-1

[Event "Early-Titled-Tuesday-Blitz-April-23-2024"]
[Site "Chess.com"]
[Date "2024.04.23"]
[Round "3"]
[White "DanyKopy"]
[Black "KogotBobra17"]
[Result "1-0"]
[WhiteElo "2545"]
[BlackElo "2751"]
[TimeControl "180+1"]
[EndTime "8:27:11 PDT"]
[Termination "DanyKopy won by resignation"]

1. Nf3 b5 2. e4 Bb7 3. Bxb5 Bxe4 4. O-O Nf6 5. Re1 e6 6. d4 Be7 7. c4 O-O 8. Nc3 Bb7 9. Bf4 Bxf3 10. Qxf3 c6 11. Ba4 d5 12. c5 Qa5 13. a3 Rc8 14. b4 Qd8 15. Bc2 Nbd7 16. a4 a6 17. h3 Nf8 18. b5 axb5 19. axb5 cxb5 20. Nxb5 Qd7 21. Nd6 Rcb8 22. Rxa8 Rxa8 23. Rb1 Bxd6 24.
Bxd6 Ng6 25. Qb3 Ne8 26. Bg3 Ne7 27. Bd3 Qa4 28. Qxa4 Rxa4 29. Rb8 Kf8 30. Rxe8+ Kxe8 31. Bb5+ Kd8 32. Bxa4 1-0